Map: [ESL] Tropical Sacrifice

Players

MaNa

  • Race: Protoss Protoss
  • Spawn Location: 1:00

Bunny - Winner!

  • Race: Terran Terran
  • Spawn Location: 7:00

Event: DreamHack SC2 Masters 2022 Valencia

VOD

Have the link to the VOD?

Description

Time

  • Played on: July 1, 2022, 1:30 p.m.
  • Length: 8:12

All games in this series

Show
View Real Time Build Order
Export as new Build Order

MaNa Protoss 

Build Orders: Oracle Opening 

Get SALT Encoding   

  12  0:01  Probe  
  13  0:14  Probe  
  14  0:18  Pylon  
  14  0:26  Probe (Chrono Boost)  
  15  0:38  Probe (Chrono Boost), Gateway  
  16  0:45  Probe (Chrono Boost)  
  16  0:46  Assimilator  
  17  0:52  Probe  
  18  1:04  Probe  
  18  1:05  Assimilator  
  19  1:16  Probe  
  20  1:23  Pylon  
  20  1:24  Cybernetics Core  
  20  1:28  Probe  
  23  1:41  Probe  
  22  1:54  Nexus  
  22  1:58  Adept (Chrono Boost)  
  24  2:02  Warp Gate  
  24  2:14  Stargate  
  24  2:16  Probe  
  24  2:20  Adept (Chrono Boost)  
  25  2:28  Probe  
  28  2:34  Pylon  
  28  2:41  Probe  
  28  2:44  Adept  
  31  2:53  Probe  
  31  2:58  Oracle (Chrono Boost)  
  35  3:05  Probe  
  36  3:07  Probe  
  37  3:17  Probe  
  37  3:19  Probe  
  38  3:28  Oracle (Chrono Boost)  
  38  3:29  Probe  
  38  3:31  Probe  
  43  3:41  Probe  
  44  3:50  Probe  
  44  3:53  Probe  
  46  4:02  Probe, Oracle (Chrono Boost)  
  46  4:14  Probe x2  
  45  4:20  Twilight Council  
  45  4:26  Nexus, Probe x2  
  47  4:38  Probe  
  47  4:39  Probe  
  49  4:49  Blink (Chrono Boost)  
  49  4:51  Probe x2  
  48  4:57  Gateway  
  48  4:58  Gateway  
  48  4:59  Stalker  
  50  5:03  Probe x2  
  45  5:15  Probe x2  
  44  5:27  Probe x2  
  46  5:30  Gateway  
  46  5:32  Assimilator  
  46  5:33  Dark Shrine, Gateway  
  46  5:36  Gateway  
  46  5:39  Probe x2  
  46  5:40  Assimilator  
  46  5:41  Probe  
  49  5:46  Stalker  
  51  5:51  Probe x2  
  51  5:54  Pylon, Probe  
  54  6:01  Sentry x2  
  54  6:02  Pylon  
  58  6:05  Probe  
  58  6:08  Probe  
  60  6:12  Robotics Facility  
  60  6:15  Stalker  
  60  6:16  Probe  
  63  6:18  Probe  
  63  6:20  Probe  
  63  6:25  Shield Battery  
  65  6:27  Stalker  
  67  6:34  Stalker  
  67  6:35  Pylon  
  67  6:37  Stalker  
  67  6:39  Probe  
  72  6:40  Probe  
  72  6:41  Probe  
  72  6:46  Pylon  
  74  6:55  Assimilator  
  74  6:57  Dark Templar x2  
  78  7:02  Immortal  
  78  7:06  Probe  
  78  7:07  Stalker  
  85  7:13  Probe x2  
  87  7:18  Stalker x3  
  78  7:31  Stalker x2  
  78  7:33  Zealot  
  78  7:34  Probe x2  
  78  7:35  Probe  
  71  7:45  Stalker  
  71  7:46  Probe x2  
  71  7:47  Probe  
  76  7:55  Zealot x3  
  81  7:58  Probe x2  
  81  8:00  Stalker  
  73  8:06  Stalker  
Show
View Real Time Build Order
Export as new Build Order

Bunny Terran - Winner!

Build Orders: Reaper Expand 

Get SALT Encoding   

  12  0:00  SCV  
  13  0:12  SCV  
  14  0:17  Supply Depot  
  14  0:24  SCV  
  15  0:39  SCV  
  15  0:40  Barracks  
  16  0:44  Refinery  
  16  0:51  SCV  
  17  1:03  SCV  
  18  1:15  SCV  
  19  1:27  Orbital Command  
  19  1:28  Reaper  
  20  1:42  Command Center  
  20  1:51  Supply Depot  
  20  1:54  SCV  
  20  1:59  Marine  
  22  2:09  Factory  
  22  2:16  Bunker  
  22  2:17  Marine  
  22  2:22  SCV  
  24  2:27  Refinery  
  24  2:34  SCV  
  24  2:35  Barracks Reactor  
  25  2:46  SCV  
  26  2:53  Widow Mine  
  26  2:55  Orbital Command  
  28  3:01  SCV  
  28  3:05  Starport  
  29  3:11  Marine x2  
  31  3:15  Widow Mine  
  31  3:18  SCV  
  34  3:29  Marine  
  34  3:31  Marine  
  36  3:37  Widow Mine  
  38  3:42  Viking  
  39  3:48  SCV x2  
  39  3:49  Marine  
  39  3:51  Supply Depot  
  41  4:05  SCV x2  
  41  4:06  Marine  
  41  4:07  Factory Tech Lab  
  41  4:15  Viking  
  43  4:17  SCV x2  
  43  4:21  Barracks  
  45  4:27  Barracks Reactor, Cyclone  
  45  4:30  SCV x2  
  50  4:37  Supply Depot  
  50  4:42  SCV x2  
  51  4:54  SCV x2  
  51  4:57  Barracks  
  53  5:00  Engineering Bay  
  53  5:06  Starport Reactor  
  53  5:07  SCV x2, Factory Tech Lab  
  53  5:13  Marine x2  
  53  5:20  SCV x2  
  55  5:22  Marine, Stimpack  
  55  5:27  Barracks  
  55  5:28  Refinery, Terran Infantry Weapons Level 1, Barracks  
  56  5:33  SCV x2  
  58  5:38  Marine  
  58  5:39  Marine  
  61  5:46  Factory Reactor  
  61  5:48  Refinery, Supply Depot x2  
  60  5:51  SCV x2  
  62  6:09  Medivac x2, SCV, Marine  
  62  6:10  SCV, Marine, Marauder x2  
  74  6:14  Combat Shield  
  74  6:15  Barracks Tech Lab, Supply Depot  
  74  6:20  Barracks Reactor  
  74  6:22  SCV x2  
  76  6:26  Supply Depot  
  76  6:27  Widow Mine  
  78  6:36  Marine x2, Marauder x2, Widow Mine  
  78  6:38  Missile Turret  
  86  6:43  Concussive Shells  
  86  6:48  Marauder  
  86  6:49  Supply Depot  
  86  6:51  Supply Depot  
  86  6:53  Medivac  
  86  6:54  Marine  
  90  6:58  Medivac  
  93  7:08  Marine  
  93  7:11  Marauder x3, Widow Mine  
  93  7:12  Marine  
  99  7:17  Widow Mine  
  98  7:23  Medivac  
  98  7:26  Marine x2  
  98  7:32  Supply Depot, Marauder, Widow Mine  
  98  7:36  Marine, Marauder  
  98  7:37  Marauder  
  99  7:48  Marine x2  
  93  7:52  Marine  

Tags
 
Add a new tag
Caveats
  • Supply blocks, unpowered buildings, or Contaminate may cause inaccurate times.
  • Supply counts are checked every 10 seconds.